 Dungeon Crawl Stone Soup version 0.31-a0-507-gbafd7f5274 (webtiles) character file.

Game seed: 10553066150022429565

136404 Ofeo the Brawler (level 16, -1/123 HPs)
             Began as a Demonspawn Shapeshifter on Aug 9, 2023.
             Was the Champion of Uskayaw.
             Hit by a javelin thrown by a merfolk javelineer (11 damage)
             ... on level 1 of the Shoals.
             The game lasted 00:46:51 (39965 turns).

Ofeo the Brawler (Demonspawn Shapeshifter)         Turns: 39965, Time: 00:46:51

Health: -1/123     AC: 17    Str: 21    XL:     16   Next: 66%
Magic:  28/28      EV: 13    Int: 12    God:    Uskayaw [******]
Gold:   1934       SH:  0    Dex: 14    Spells: 15/15 levels left

rFire   + .          .
                       - Unarmed
rCold   . . .        (no shield)
rNeg    . . .        t - +5 fire dragon scales
rPois   .            (helmet unavailable)
rElec   .            (cloak unavailable)
rCorr   .            (gloves unavailable)
SInv    .            (boots currently unavailable)
Will    +....        x - amulet of faith Stlth
                     f - +4 ring of protection
HPRegen 0.40/turn    F - ring of ice
MPRegen 0.21/turn

%: faith
@: beast-form
A: beast (slay +4), horns 3, demonic guardian 1, powered by pain 2, weakness
stinger 3, demonic touch 3
a: Begin Untransformation, Renounce Religion, Stomp, Line Pass, Grand Finale


You were on level 1 of the Shoals.
You worshipped Uskayaw.
Uskayaw was most pleased with you.
You were a hulking beast.
You visited 5 branches of the dungeon, and saw 24 of its levels.
You also visited: Bailey.

You collected 2630 gold pieces.
You spent 696 gold pieces at shops.

Inventory:

Hand Weapons
 B - a +5 longbow of flaming
Missiles
 b - 92 poisoned darts (quivered)
 A - 2 throwing nets
 G - 22 boomerangs
 H - 16 curare-tipped darts
Armour
 g - a +0 chain mail
 t - +5 fire dragon scales (worn)
 V - a +2 hat
Jewellery
 e - a ring of wizardry
 f - a +4 ring of protection (left hand)
 x - an amulet of faith (around neck)
 F - a ring of ice (right hand)
 J - a ring of see invisible
 R - the ring "Bicilyn" {rElec MP+9}
   (You found it on level 3 of the Lair of Beasts)

   [ring of magical power]

   rElec:     It insulates you from electricity.
   MP+9:      It affects your magic capacity (+9).
 U - a ring of protection from fire
Talismans
 c - a beast talisman (active)
 d - a flux talisman
Wands
 v - a wand of flame (44)
 w - a wand of light (13)
 D - a wand of iceblast (29) {@v4}
 I - a wand of mindburst (13)
 L - a wand of paralysis (11)
Scrolls
 a - a scroll of blinking {@r4}
 i - a scroll of identify {@r1}
 j - 3 scrolls of summoning
 m - 5 scrolls of teleportation {@r3}
 o - 6 scrolls of poison
 s - a scroll of silence
 y - a scroll of fear
 z - 2 scrolls of immolation
 K - a scroll of amnesia
 N - a scroll of revelation
 P - 2 scrolls of fog
Potions
 h - a potion of heal wounds {@q2}
 k - 4 potions of berserk rage
 l - 3 potions of haste {@q3}
 n - 12 potions of attraction
 p - 5 potions of mutation
 q - 4 potions of curing {@q1}
 r - 3 potions of cancellation
 C - 4 potions of lignification
 E - a potion of resistance {@q6}
 M - a potion of invisibility
 Q - a potion of might {@q4}
 S - a potion of enlightenment
 T - a potion of degeneration {unknown}
Miscellaneous
 O - a tin of tremorstones (2/2)


   Skills:
 - Level 10.3 Fighting
 - Level 9.6 Dodging
 + Level 17.7 Unarmed Combat
 + Level 17.3 Invocations
 - Level 11.5 Shapeshifting


You had 15 spell levels left.
You didn't know any spells.
Your spell library contained the following spells:

 Spells                   Type           Power      Damage    Failure   Level
 Freeze                   Ice            0%         1d3       77%         1
 Magic Dart               Conj           0%         1d3       77%         1
 Sting                    Tmut/Pois      0%         1d3       77%         1
 Call Imp                 Summ           0%         N/A       88%         2
 Lesser Beckoning         Tloc           0%         N/A       88%         2
 Poisonous Vapours        Pois/Air       0%         N/A       88%         2
 Static Discharge         Conj/Air       0%         2-2/arc   88%         2
 Sublimation of Blood     Necr           0%         N/A       88%         2
 Wereblood                Tmut           0%         N/A       88%         2
 Dazzling Flash           Conj/Hex       0%         N/A       98%         3
 Frozen Ramparts          Ice            0%         1d1       98%         3
 Gell's Gravitas          Tloc           0%         N/A       98%         3
 Hailstorm                Conj/Ice       0%         3d3       98%         3
 Ignite Poison            Fire/Tmut/Pois 0%         N/A       98%         3
 Inner Flame              Hex/Fire       0%         N/A       98%         3
 Mephitic Cloud           Conj/Pois/Air  0%         N/A       98%         3
 Ozocubu's Armour         Ice            0%         N/A       98%         3
 Stone Arrow              Conj/Erth      0%         3d7       98%         3
 Teleport Other           Tloc           0%         N/A       98%         3
 Airstrike                Air            0%         2d(0-16)  100%        4
 Animate Armour           Summ/Erth      0%         N/A       100%        4
 Flame Wave               Conj/Fire      0%         2d4       100%        4
 Olgreb's Toxic Radiance  Pois           0%         N/A       100%        4
 Petrify                  Tmut/Erth      0%         N/A       100%        4
 Sticky Flame             Conj/Fire      0%         2d3       100%        4
 Summon Ice Beast         Ice/Summ       0%         N/A       100%        4
 Summon Lightning Spire   Summ/Air       0%         N/A       100%        4
 Agony                    Necr           0%         N/A       100%        5
 Alistair's Intoxication  Tmut/Pois      0%         N/A       100%        5
 Borgnjor's Vile Clutch   Necr/Erth      0%         N/A       100%        5
 Irradiate                Conj/Tmut      0%         3d11      100%        5
 Metabolic Englaciation   Hex/Ice        0%         N/A       100%        5
 Silence                  Hex/Air        0%         N/A       100%        5
 Summon Mana Viper        Hex/Summ       0%         N/A       100%        5
 Eringya's Noxious Bog    Tmut/Pois      0%         4d6       100%        6
 Simulacrum               Ice/Necr       0%         N/A       100%        6
 Monstrous Menagerie      Summ           0%         N/A       100%        7
 Ignition                 Fire           0%         3d3       100%        8
 Lehudib's Crystal Spear  Conj/Erth      0%         10d2      100%        8
 Chain Lightning          Conj/Air       0%         N/A       100%        9
 Fire Storm               Conj/Fire      0%         5d1       100%        9
 Shatter                  Erth           0%         3d5*      100%        9


Dungeon Overview and Level Annotations

Branches:
Dungeon (15/15)            Temple (0/1) D:7            Lair (5/5) D:11
 Shoals (1/4) Lair:3       Spider (1/4) Lair:2        Slime (0/5) Lair:5
    Orc (2/2) D:11            Elf (0/3) Orc:2        Vaults (0/5) D:13
 Depths (0/4) D:15         Bailey (visited)

Altars:
Ashenzari
Cheibriados
Dithmenos
Gozag
Kikubaaqudgha
Nemelex Xobeh
Okawaru
Qazlal
Ru
Sif Muna
Uskayaw
Vehumet

Shops:
D:1 *   D:6 :   D:8 =((?   D:11 (   Orc:2 =?![(


Innate Abilities, Weirdness & Mutations

You are a hulking beast.
Your limbs bulge with bestial killing power. (Slay +4)
You have a pair of large horns on your head.
A weak demonic guardian rushes to your aid.
You sometimes gain power by taking damage.
You have a sharp stinger which inflicts weakening toxins.
Your touch may irresistibly damage your foes and sap their willpower.


Message History

You punch the water elemental!
You destroy the water elemental!
The water engulfing you falls away.
You gasp with relief as air once again reaches your lungs.
The harpy closely misses you. x2; The harpy claws you!
* * * LOW HITPOINT WARNING * * *
A demonic guardian appears!
The harpy claws you but does no damage. The harpy claws you.
* * * LOW HITPOINT WARNING * * *
The harpy closely misses you.
Uskayaw prepares the audience for your solo!
You take 9 damage, and have 18/123 hp.
The helpless harpy fails to defend itself.
You punch the harpy! You headbutt the harpy!
You touch the harpy.
You sap its willpower!
You punch the harpy.
The harpy is almost dead.
A merfolk javelineer comes into view. It is wielding a +0 spear.
The helpless harpy fails to defend itself.
You pummel the harpy!! You headbutt the harpy!
You kill the harpy!
Your white imp hits the harpy.
The harpy dies!
A merfolk comes into view. It is wielding a +0 trident.
The merfolk is no longer paralysed. x2
The merfolk javelineer throws a javelin.
The javelin pierces through you but does no damage.
The merfolk throws a boomerang.
The boomerang hits you!
* * * LOW HITPOINT WARNING * * *
Uskayaw links your audience in an emotional bond!
Things that are here:
a +0 rapier; a +0 robe You take 10 damage, and have 9/123 hp.
The merfolk javelineer throws a javelin.
The javelin pierces through you but does no damage.
The harpy is no longer paralysed.
The harpy claws your white imp!
Your white imp dies!
Your white imp disappears in a puff of smoke!
The merfolk javelineer throws a javelin.
The javelin pierces through you!
You die...

....~~~~~≈≈~~~≈≈~.~~....,
....~~~~~≈≈~~≈≈≈≈..≈≈~..
.~..~~≈~.~~.~≈≈≈≈≈≈≈≈mm.
~~...~≈...#...~≈≈≈≈≈≈≈~##
~~...~~~.## #..††§.m~≈...
~~~.......# #.)H..~~...
~.........# ##))~~~~~~~
~..######## #..~~≈~~..
~.## ##h~~~..... ..#
###########.....~~... ..#
#...##......~.).~~~.~ .##
#...........#.).~~~~~ .#
#.......~~~##...~~~~~
.####..~~~~~~~..#...~~~~~
...#...~~~~~~~.....~~~~~~
.......~~~~~~~~~~~~~~~.~~
...~..~~~~~~~~~~~~~~~~~~~


You could see a merfolk javelineer (pain bonded), 2 merfolk and a harpy (pain
bonded).

Vanquished Creatures
  An orc warlord (Orc:1)
  Nessos (D:13)
  A quicksilver dragon zombie (D:15)
  A merfolk impaler (Shoals:1)
  Josephine (D:12)
  Fannar (D:10)
  5 hydras
  A vault guard (D:13)
  3 ogre magi (Orc:2)
  6 catoblepae
  2 merfolk aquamancers (Shoals:1)
  2 boulder beetles
  2 centaur warriors
  5 two-headed ogres
  13 death yaks
  A vampire mage (D:15)
  A titan zombie (D:15)
  Sonja (Lair:3)
  4 skysharks
  Amaemon (D:11)
  7 skeletal warriors
  5 sea snakes (Shoals:1)
  Pikel (D:8)
  A fire giant zombie (D:15)
  A necromancer (D:15)
  A lindwurm (Lair:5)
  An orc knight (Bailey)
  A steelbarb worm (shapeshifter) (D:15)
  7 harpies (Shoals:1)
  6 cyclopes
  8 orc sorcerers (Orc:2)
  19 ugly things
  The ghost of Gelion the Changeling, a novice OpSh of Gozag (D:6)
  6 manticores
  Maurice (D:8)
  14 black mambas
  A guardian serpent (shapeshifter) (D:15)
  40 elephants
  A merfolk siren (Shoals:1)
  5 torpor snails
  10 cane toads
  Maggie (Lair:1)
  An orange demon (D:11)
  2 water nymphs (Lair:3)
  3 freezing wraiths (D:14)
  5 rime drakes
  An unseen horror (D:13)
  Psyche (D:12)
  A tengu conjurer (D:15)
  A kobold demonologist (D:12)
  19 komodo dragons
  5 trolls
  A meliai (D:13)
  Prince Ribbit (D:8)
  4 merfolk (Shoals:1)
  A queen bee (shapeshifter) (D:14)
  7 polar bears
  A blink frog (shapeshifter) (D:15)
  33 blink frogs
  8 dream sheep
  12 slime creatures
  A spriggan zombie (D:15)
  2 jumping spiders (Lair:2)
  2 snapping turtles (Shoals:1)
  6 water elementals (Shoals:1)
  2 shadows (D:11)
  2 wyverns
  Eustachio (D:4)
  62 yaks
  8 wraiths
  7 basilisks
  9 vampire mosquitoes
  Menkaure (D:7)
  A redback (Lair:2)
  2 wargs (D:11)
  24 water moccasins
  27 orc warriors
  An ice beast (D:6)
  2 black bears (Lair:3)
  2 sky beasts
  4 wolves
  7 ogres
  4 boggarts (Lair:3)
  12 centaurs
  3 phantoms
  3 lemures (D:8)
  11 kobold brigands
  A gnoll sergeant (Orc:2)
  6 scorpions
  17 bullfrogs
  7 wights
  5 electric eels
  A howler monkey (D:8)
  20 orc priests
  5 hounds
  2 jellies
  7 hell rats (Lair:5)
  4 iguanas
  3 sleepcaps
  50 orc wizards
  Robin (D:4)
  11 adders
  4 gnolls (Orc:2)
  3 white imps
  An ufetubus (D:6)
  3 worms
  2 dart slugs
  77 orcs
  4 endoplasms (D:4)
  3 giant cockroaches
  14 goblins
  11 hobgoblins
  18 jackals
  28 kobolds
  5 quokkas
  3 ball pythons
  4 bats
  3 frilled lizards (D:2)
  8 rats
835 creatures vanquished.

Vanquished Creatures (collateral kills)
  A death knight (D:14)
  A death yak (Lair:5)
  A harpy (Shoals:1)
  A cyclops (D:14)
  A manticore (Lair:5)
  3 yaks (Lair:1)
  A basilisk (D:14)
  An orc priest (Orc:1)
  An orc (Orc:1)
11 creatures vanquished.

Vanquished Creatures (others)
  An orc (Orc:1)
  A kobold (Bailey)
2 creatures vanquished.

Grand Total: 848 creatures vanquished

Notes
Turn   | Place    | Note
-------+----------+-------------------------------------------
     0 | D:1      | Ofeo the Demonspawn Shapeshifter began the quest for the
                  | Orb.
     0 | D:1      | Reached XP level 1. HP: 15/15 MP: 1/1
   264 | D:1      | Gained mutation: You sometimes gain a little power by
                  | taking damage. [demonic ancestry]
   264 | D:1      | Reached XP level 2. HP: 17/21 MP: 2/2
   618 | D:1      | Found Vazudoq's Assorted Antiques.
   630 | D:1      | Bought a scroll labelled NISIACVIAC for 21 gold pieces
  1204 | D:2      | Discovered your monstrous ancestry.
  1204 | D:2      | Gained mutation: You have a small tail. [demonic ancestry]
  1204 | D:2      | Reached XP level 3. HP: 22/26 MP: 3/3
  1416 | D:2      | Identified the +1 hand axe "Uxka Giyp" {flame, Fragile
                  | +Blink rN+++ Int-5}
  1477 | D:2      | Gained mutation: Your touch may inflict minor irresistible
                  | damage on your foes. [demonic ancestry]
  1477 | D:2      | Reached XP level 4. HP: 32/33 MP: 4/4
  1817 | D:3      | Gained mutation: You have a tail ending in a sharp stinger.
                  | [demonic ancestry]
  1817 | D:3      | Reached XP level 5. HP: 28/39 MP: 5/5
  1846 | D:3      | Found an opulent altar of Gozag.
  2155 | D:3      | Found a faded altar of an unknown god.
  2201 | D:3      | Prayed at the altar of an unknown god.
  2201 | D:3      | Became a worshipper of Uskayaw the Reveller
  2201 | D:3      | Reached * piety under Uskayaw
  2340 | D:3      | Found a shimmering blue altar of Sif Muna.
  2342 | D:3      | Found a snail-covered altar of Cheibriados.
  2620 | D:3      | Reached ** piety under Uskayaw
  2890 | D:4      | Gained mutation: Your touch may inflict irresistible damage
                  | on your foes. [demonic ancestry]
  2890 | D:4      | Reached XP level 6. HP: 43/47 MP: 6/6
  2933 | D:4      | Noticed Robin
  2940 | D:4      | Reached *** piety under Uskayaw
  2944 | D:4      | Killed Robin
  2950 | D:4      | Reached **** piety under Uskayaw
  2958 | D:4      | Reached ***** piety under Uskayaw
  3026 | D:4      | Noticed Eustachio
  3051 | D:4      | Killed Eustachio
  3061 | D:4      | Gained mutation: You sometimes gain power by taking damage.
                  | [demonic ancestry]
  3061 | D:4      | Reached XP level 7. HP: 51/53 MP: 7/7
  3950 | D:5      | Entered Level 5 of the Dungeon
  3955 | D:5      | Found a sparkling altar of Nemelex Xobeh.
  4269 | D:5      | Reached skill level 5 in Unarmed Combat
  4413 | D:5      | Found a sacrificial altar of Ru.
  4422 | D:5      | Found a shadowy altar of Dithmenos.
  4461 | D:5      | Found an ancient bone altar of Kikubaaqudgha.
  4541 | D:5      | Reached XP level 8. HP: 52/61 MP: 8/8
  5216 | D:6      | Reached skill level 5 in Fighting
  5350 | D:6      | Reached skill level 5 in Dodging
  5524 | D:6      | Found Jostuvau's Book Shoppe.
  5840 | D:6      | Reached skill level 5 in Shapeshifting
  5911 | D:6      | Found a runed translucent door.
  5913 | D:6      | Noticed Gelion's ghost (novice OpSh)
  5952 | D:6      | Killed Gelion's ghost
  5953 | D:6      | Gained mutation: You have a pair of small horns on your
                  | head. [demonic ancestry]
  5953 | D:6      | Reached XP level 9. HP: 58/69 MP: 9/9
  6215 | D:7      | Noticed Menkaure
  6221 | D:7      | Killed Menkaure
  7098 | D:7      | Found a staircase to the Ecumenical Temple.
  7786 | D:8      | Found a stormy altar of Qazlal.
  7800 | D:8      | Noticed Pikel
  8074 | D:8      | Killed Pikel
  8282 | D:8      | Noticed Prince Ribbit
  8300 | D:8      | Killed Prince Ribbit
  8301 | D:8      | Gained mutation: You have a sharp stinger which inflicts
                  | weakening toxins. [demonic ancestry]
  8301 | D:8      | Reached XP level 10. HP: 50/79 MP: 10/10
  8407 | D:8      | Found Puimpaj's Magic Scroll Shoppe.
  8573 | D:1      | Bought a silvery potion for 18 gold pieces
  8573 | D:1      | Bought a viscous grey potion for 18 gold pieces
  9068 | D:8      | Noticed Maurice
  9145 | D:8      | Killed Maurice
  9192 | D:8      | Found Egorph's Weapon Emporium.
  9244 | D:8      | Found Yrhaami's Jewellery Boutique.
  9267 | D:8      | Found Yllajiuf's Weapon Emporium.
  9652 | D:9      | HP: 4/80 [electric eel/bolt of electricity (5)]
 10761 | D:9      | Noticed a two-headed ogre
 10765 | D:9      | Killed a two-headed ogre
 11777 | D:10     | Entered Level 10 of the Dungeon
 11805 | D:10     | Found a flagged portal.
 12020 | D:10     | Found an iron altar of Okawaru.
 12066 | D:10     | Noticed Fannar
 12078 | D:10     | Killed Fannar
 12189 | Bailey   | Entered a bailey
 12274 | Bailey   | Gained mutation: A weak demonic guardian rushes to your
                  | aid. [demonic ancestry]
 12274 | Bailey   | Reached XP level 11. HP: 79/87 MP: 11/11
 12335 | Bailey   | Noticed an orc knight
 12348 | Bailey   | Killed an orc knight
 12366 | Bailey   | Reached ****** piety under Uskayaw
 12573 | Bailey   | Found an iron altar of Okawaru.
 13080 | D:11     | Found a staircase to the Lair.
 13651 | D:11     | Found a staircase to the Orcish Mines.
 13896 | D:11     | Found Pesan's Weapon Shoppe.
 13991 | D:11     | Found a broken altar of Ashenzari.
 15034 | D:12     | You fall into a shaft and drop 1 floor!
 15101 | D:13     | Noticed a red ugly thing
 15115 | D:13     | Killed a red ugly thing
 15329 | D:13     | Noticed Nessos
 15350 | D:13     | Killed Nessos
 15351 | D:13     | Reached skill level 10 in Fighting
 15644 | D:12     | Noticed a green ugly thing
 15652 | D:12     | Killed a green ugly thing
 15653 | D:12     | Gained mutation: You have a pair of horns on your head.
                  | [demonic ancestry]
 15653 | D:12     | Reached XP level 12. HP: 56/97 MP: 12/12
 16370 | D:12     | Noticed Josephine
 16380 | D:12     | Killed Josephine
 16901 | D:12     | Noticed Psyche
 16967 | Lair:1   | Entered Level 1 of the Lair of Beasts
 16967 | Lair:1   | Noticed Maggie
 16967 | Lair:1   | Noticed Amaemon
 16967 | Lair:1   | Noticed a boulder beetle
 16986 | D:11     | Killed a boulder beetle
 16987 | D:11     | Reached skill level 10 in Unarmed Combat
 17501 | D:11     | Killed Amaemon
 17655 | Lair:1   | Killed Maggie
 17870 | Lair:1   | Noticed a catoblepas
 17877 | Lair:1   | Killed a catoblepas
 18367 | Lair:1   | Gained mutation: Your touch may irresistibly damage your
                  | foes and sap their willpower. [demonic ancestry]
 18367 | Lair:1   | Reached XP level 13. HP: 104/104 MP: 13/13
 18642 | Lair:1   | Reached skill level 10 in Shapeshifting
 19369 | Lair:2   | Found a hole to the Spider Nest.
 21910 | Lair:2   | Reached XP level 14. HP: 111/111 MP: 14/14
 22001 | Lair:2   | Reached skill level 1 in Invocations
 22263 | Lair:3   | Found a staircase to the Shoals.
 23262 | Lair:2   | Found a hole to the Spider Nest.
 23400 | Lair:2   | Reached skill level 5 in Invocations
 24701 | Lair:3   | Noticed Sonja
 24714 | Lair:3   | Killed Sonja
 25097 | Lair:3   | Identified the ring "Bicilyn" {rElec MP+9}
 25744 | Lair:4   | Identified the +1 robe "Sytingi" {rC- rCorr Str+8 Stlth+}
 26398 | Lair:4   | Reached skill level 10 in Invocations
 26698 | Shoals:1 | Entered Level 1 of the Shoals
 27576 | Lair:5   | Entered Level 5 of the Lair of Beasts
 27880 | Lair:5   | Reached XP level 15. HP: 90/116 MP: 23/23
 28984 | Lair:5   | Found a staircase to the Slime Pits.
 29145 | Lair:5   | Reached skill level 15 in Unarmed Combat
 30416 | Orc:1    | Entered Level 1 of the Orcish Mines
 31580 | Orc:2    | Entered Level 2 of the Orcish Mines
 32121 | Orc:2    | Found Tonitaso's Weapon Boutique.
 32121 | Orc:2    | Found a staircase to the Elven Halls.
 32225 | Orc:2    | Found Monuroz's Jewellery Shoppe.
 32252 | Orc:2    | Found a radiant altar of Vehumet.
 32260 | Orc:2    | Found Ygisowatz's Distillery.
 32282 | Orc:2    | Found an ancient bone altar of Kikubaaqudgha.
 32289 | Orc:2    | Found Tenle's Magic Scroll Emporium.
 32420 | Orc:2    | Bought a scroll of poison for 52 gold pieces
 32420 | Orc:2    | Bought a scroll of teleportation for 39 gold pieces
 32420 | Orc:2    | Bought a scroll of enchant armour for 97 gold pieces
 32420 | Orc:2    | Bought a scroll of poison for 52 gold pieces
 32420 | Orc:2    | Bought a scroll of teleportation for 39 gold pieces
 32439 | Orc:2    | Bought a potion of enlightenment for 75 gold pieces
 32439 | Orc:2    | Bought a potion of heal wounds for 75 gold pieces
 32439 | Orc:2    | Bought a potion of mutation for 120 gold pieces
 32439 | Orc:2    | Bought a potion of curing for 45 gold pieces
 32439 | Orc:2    | Bought a potion of curing for 45 gold pieces
 32707 | Orc:2    | Found Banym's Antique Armour Emporium.
 32933 | D:12     | Killed Psyche
 33315 | D:13     | Found a gate to the Vaults.
 34327 | D:14     | Reached skill level 15 in Invocations
 34716 | D:14     | Gained mutation: You have a pair of large horns on your
                  | head. [demonic ancestry]
 34716 | D:14     | Reached XP level 16. HP: 120/123 MP: 27/27
 35446 | D:14     | Found a shadowy altar of Dithmenos.
 36425 | D:14     | Found a shadowy altar of Dithmenos.
 36953 | D:15     | Entered Level 15 of the Dungeon
 37344 | D:15     | Found a staircase to the Depths.
 38892 | Spider:1 | Entered Level 1 of the Spider Nest
 39202 | Lair:3   | Upgraded the game from 0.31-a0-496-g6f97920a28 to
                  | 0.31-a0-507-gbafd7f5274
 39220 | Shoals:1 | HP: 6/123 [poisoned by a sea snake]
 39225 | Lair:3   | HP: 3/123 [poisoned by a sea snake]
 39965 | Shoals:1 | Hit by a javelin thrown by a merfolk javelineer

Illustrated notes

Levels and vault maps discovered:
D:1:      sevenhm_arrival_forest_fort_small_4, layout_basic, serial_shops,
          nicolae_shop_temple_entry_statues_fountains, due_unseen_surprise
D:2:      layout_basic, nicolae_houndstooth_variations
D:3:      layout_basic, grunt_temple_overflow_diamond, grunt_gozag_breadcrumbs,
          chequers_ecumenical_altar_simple
D:4:      layout_cave_pods, glass_columns_a, uniq_eustachio, uniq_robin
D:5:      layout_cave_pools, nemelex_diamond_rough_becter,
          minmay_overflow_temple_star_quad, serial_rivers,
          chequers_serial_rivers_micro_b, chequers_serial_rivers_micro_b,
          chequers_serial_rivers_room_a, chequers_serial_rivers_large_b
D:6:      layout_layer_cave, ebering_ghost_reflecting_pool, serial_shops, shop
D:7:      layout_layer_cave, minmay_temple_entry_butterflies, uniq_menkaure
D:8:      layout_cave_pools, nicolae_qazlal_beasts_of_the_sky, serial_shops,
          nicolae_shop_behind_doors, nicolae_square_shop,
          nicolae_shop_temple_entry_statues_fountains, shop, uniq_pikel,
          uniq_prince_ribbit1, uniq_maurice
D:9:      layout_basic, water_boxes_lemuel
D:10:     layout_cave_pools, mainiacjoe_overflow_cross_hatched, enter_bailey_1,
          kennysheep_minor_cross, uniq_fannar
D:11:     layout_loops_ring, erik_lair_orcish_takeover, orc_david_3,
          evilmike_ruin_ashenzari
D:12:     layout_loops_corners, uniq_psyche, uniq_josephine
D:13:     layout_small_grid, david_vaults_5, uniq_nessos
D:14:     layout_loops_cross, grunt_dithmenos_smoke_and_mirrors
D:15:     gammafunk_depths_entry_grave, layout_gridville,
          hangedman_decor_peaks_small
Lair:1:   layout_loops_ring, cheibrodos_lair_lostbears, grunt_megastairs_1,
          infiniplex_staircase_pool_2, serial_bayou_shore_a, uniq_maggie,
          uniq_amaemon
Lair:2:   nzn_winding_woodlands_large [nzn_winding_woodlands_5x5_checkerboard,
          nzn_winding_woodlands_5x15_pathside_ponds,
          nzn_winding_woodlands_5x5_perimeter,
          nzn_winding_woodlands_center_pierced_h,
          nzn_winding_woodlands_15x15_thick_spiral,
          nzn_winding_woodlands_center_garden, nzn_winding_woodlands_hourglass,
          nzn_winding_woodlands_5x15_sawtooth,
          nzn_winding_woodlands_5x5_open_star], layout_chaotic_city,
          spider_nest_entry_a, chequers_serial_rivers_small_b
Lair:3:   layout_loops_ring, nicolae_shoals_entry_flooding,
          kilobyte_rumbling_trees, uniq_sonja
Lair:4:   layout_loops_ring
Lair:5:   evilmike_catoblepas_cave, layout_cellular_growth,
          dpeg_slime_entry_corner, lemuel_fruit_tree
Shoals:1: layout_shoals, nicolae_shoals_mertower, uniq_frances
Spider:1: layout_chambers
Orc:1:    layout_caves
Orc:2:    kennysheep_orc_mage_school, layout_diamond_mine, serial_shops,
          nicolae_shop_trees

Skill      XL: |  1  2  3  4  5  6  7  8  9 10 11 12 13 14 15 16 |
---------------+-------------------------------------------------+-----
Dodging        | 2 3 4 5 6 8 9 |  9.6
Unarmed Combat | 3 4 5 6 7 8 9 11 13 14 16 17 | 17.7
Shapeshifting  | 3 4 5 6 7 8 9 11 | 11.5
Fighting       | 2 3 4 6 7 8 10 | 10.3
Invocations    | 11 15 17 | 17.3

Action                     |  1- 3 |  4- 6 |  7- 9 | 10-12 | 13-15 | 16-18 || total
---------------------------+-------+-------+-------+-------+-------+-------++-------
  Melee: Unarmed           |   124 |   122 |   228 |   502 |   958 |   236 ||  2170
         Tailslap          |     3 |    13 |    42 |    93 |   175 |    53 ||   379
         Touch             |       |    20 |    46 |   110 |   204 |    55 ||   435
         Punch             |       |       |     3 |    30 |    83 |    33 ||   149
         Headbutt          |       |       |    18 |   127 |   295 |    54 ||   494
  Throw: Dart              |       |       |       |    32 |       |     2 ||    34
 Invoke: Stomp             |       |       |       |       |     2 |       ||     2
         Grand Finale      |       |       |       |       |     2 |       ||     2
  Evoke: Wand              |       |       |       |    10 |     6 |     4 ||    20
    Use: Scroll            |     3 |       |     3 |    18 |     9 |     1 ||    34
         Potion            |       |     1 |     2 |     3 |     5 |     4 ||    15
   Stab: Sleeping          |     1 |     1 |       |       |       |       ||     2
         Paralysed         |       |       |     9 |    39 |    96 |    29 ||   173
         Petrified         |       |       |       |       |     7 |       ||     7
         Invisible         |       |       |       |       |     1 |       ||     1
 Armour: Animal skin       |    47 |    12 |       |       |       |       ||    59
         Ring mail         |       |    18 |    45 |       |       |       ||    63
         Skin              |       |     2 |       |     8 |       |       ||    10
         Chain mail        |       |       |    58 |   143 |       |       ||   201
         Fire dragon scale |       |       |     1 |    97 |   385 |    89 ||   572
  Dodge: Dodged            |    82 |    60 |   136 |   279 |   491 |   100 ||  1148

Table legend: (Time is in decaauts)
 A = Elapsed time spent in this place.
 B = Non-inter-level travel time spent in this place.
 C = Inter-level travel time spent in this place.
 D = Time resting spent in this place.
 E = Time spent auto-exploring this place.
 F = Levels seen in this place.
 G = Mean time per level.
                   A        B        C        D        E       F      G
               +--------+--------+--------+--------+--------+-----+--------+
         Total |  39669 |  38044 |   1625 |   7814 |  24963 |  25 | 1586.8 |
       Dungeon |  23516 |  22374 |   1142 |   4857 |  14564 |  15 | 1567.7 |
          Lair |  13252 |  12850 |    402 |   2360 |   8910 |   5 | 2650.4 |
        Shoals |    454 |    454 |      0 |    161 |    114 |   1 |  454.0 |
   Spider Nest |      1 |      0 |      1 |      0 |      0 |   1 |    1.0 |
  Orcish Mines |   2015 |   1937 |     78 |    253 |   1282 |   2 | 1007.5 |
        Bailey |    429 |    429 |      0 |    183 |     91 |   1 |  429.0 |
               +--------+--------+--------+--------+--------+-----+--------+

Top non-repeatable levels by time:
  Lair:2: 4513 daAuts
    D:11: 2669 daAuts
  Lair:3: 2632 daAuts
    D:13: 2530 daAuts
  Lair:5: 2475 daAuts
     D:9: 2315 daAuts
    D:14: 2177 daAuts
     D:7: 2177 daAuts
  Lair:4: 1838 daAuts
  Lair:1: 1792 daAuts
    D:12: 1783 daAuts
    D:15: 1555 daAuts
     D:1: 1218 daAuts
     D:5: 1177 daAuts
     D:3: 1160 daAuts
